CAL
LAKE ELSINORE STORM @ SAN JOSE GIANTS
07/23/2099
 
TOP OF THE 1ST
Lake Elsinore Storm batting - Pitching for San Jose Giants : RHP Matt Barnes
Pitching: RHP Matt Barnes
Batting: LHB Jim Ponce 0-0: TRIPLE (Groundball, 3L, EV 98.8 MPH)
Batting: RHB Ryan Perovic 0-0: Ground out 5-3 (Groundball, 56S, EV 86.3 MPH)
Batting: SHB Nate Clark 0-0: Called Strike
0-1: Ball
1-1: Ball
2-1: Fly out, F8 (Flyball, 89M, EV 86.3 MPH)
Runner from 3rd tags up, OUT at HOME! 8-2
Top of the 1st over - 0 runs, 1 hit, 0 errors, 0 left on base; Lake Elsinore 0 - San Jose 0
BOTTOM OF THE 1ST
San Jose Giants batting - Pitching for Lake Elsinore Storm : RHP Andy Willis
Pitching: RHP Andy Willis
Batting: RHB William Rodriguez 0-0: Called Strike
0-1: Swinging Strike
0-2: Ball
1-2: Strikes out looking
Batting: SHB Bryan Edwards 0-0: Ball
1-0: Ball
2-0: Ball
3-0: Called Strike
3-1: Foul Ball, location: 25FF
3-2: SINGLE (Line Drive, 89S, EV 94.4 MPH)
Batting: LHB Justin Johnson 0-0: Ball
Bryan Edwards is caught stealing 2nd base 2-6
1-0: Ball
2-0: Called Strike
2-1: Ground out 6-3 (Groundball, 6MD, EV 96.9 MPH)
Bottom of the 1st over - 0 runs, 1 hit, 0 errors, 0 left on base; Lake Elsinore 0 - San Jose 0
TOP OF THE 2ND
Lake Elsinore Storm batting - Pitching for San Jose Giants : RHP Matt Barnes
Batting: RHB Josh Peek 0-0: Ball
1-0: Foul Ball, location: 2F
1-1: Ball
2-1: Ground out 6-3 (Groundball, 56, EV 108.1 MPH)
Batting: LHB Ryan Alger 0-0: Foul Ball, location: 23FF
0-1: Ball
1-1: Ball
2-1: Ball
3-1: Foul Ball, location: 2F
3-2: SINGLE (Groundball, P, EV 80.6 MPH) (infield hit)
Batting: LHB Scott Parks Pickoff Throw to First - Out! 1-3
0-0: Ball
1-0: Called Strike
1-1: Fly out, F9 (Line Drive, 89M, EV 88.8 MPH)
Top of the 2nd over - 0 runs, 1 hit, 0 errors, 0 left on base; Lake Elsinore 0 - San Jose 0
BOTTOM OF THE 2ND
San Jose Giants batting - Pitching for Lake Elsinore Storm : RHP Andy Willis
Batting: RHB Jonathan Rosario 0-0: Called Strike
0-1: Foul Ball, location: 23F
0-2: Ball
1-2: Strikes out swinging
Batting: LHB Jeff Reed 0-0: Ball
1-0: DOUBLE (Flyball, 9LD, EV 93.8 MPH)
Batting: RHB Jonathan Marrazzo 0-0: Foul Ball, location: 25FF
0-1: Swinging Strike
0-2: Ball
1-2: Ball
2-2: Ball
3-2: Foul Ball, location: 5F
3-2: Strikes out looking
Batting: RHB Campbell Ball 0-0: Ball
1-0: Fly out, F3 (Popup, 3SF, EV 79.4 MPH)
Bottom of the 2nd over - 0 runs, 1 hit, 0 errors, 1 left on base; Lake Elsinore 0 - San Jose 0
TOP OF THE 3RD
Lake Elsinore Storm batting - Pitching for San Jose Giants : RHP Matt Barnes
Batting: RHB Rodger Kerkhof 0-0: Foul Ball, location: 2F
0-1: Ball
1-1: Foul Ball, location: 3F
1-2: Ball
2-2: Foul Ball, location: 9LSF
2-2: Strikes out swinging
Batting: RHB Tony Martin 0-0: Called Strike
0-1: Called Strike
0-2: Ball
1-2: Strikes out swinging
Batting: RHB Kyle Nastasi 0-0: Called Strike
0-1: Fly out, F5 (Popup, 5SF, EV 82.5 MPH)
Top of the 3rd over - 0 runs, 0 hits, 0 errors, 0 left on base; Lake Elsinore 0 - San Jose 0
BOTTOM OF THE 3RD
San Jose Giants batting - Pitching for Lake Elsinore Storm : RHP Andy Willis
Batting: RHB Chris Meyer 0-0: Ball
1-0: Called Strike
1-1: SINGLE (Line Drive, 9S, EV 100.0 MPH)
Batting: RHB John Epley 0-0: Called Strike
0-1: Ball
1-1: Fly out, F8 (Flyball, 8RS, EV 79.4 MPH)
Batting: RHB William Rodriguez 0-0: Called Strike
0-1: Grounds into double play, 4-6-3 (Groundball, 4M, EV 105.6 MPH)
Bottom of the 3rd over - 0 runs, 1 hit, 0 errors, 0 left on base; Lake Elsinore 0 - San Jose 0
TOP OF THE 4TH
Lake Elsinore Storm batting - Pitching for San Jose Giants : RHP Matt Barnes
Batting: LHB Jim Ponce 0-0: Swinging Strike
0-1: Foul Ball, location: 7LSF
0-2: Ball
1-2: Ball
2-2: Strikes out swinging
Batting: RHB Ryan Perovic 0-0: Foul Ball, location: 5F
0-1: Ball
1-1: Ball
2-1: Ball
3-1: Foul Ball, location: 9LMF
3-2: Foul Ball, location: 2F
3-2: Reached on error, E6 (Groundball, 6S, EV 82.5 MPH)
Batting: SHB Nate Clark 0-0: Called Strike
0-1: Foul Ball, location: 5SF
0-2: SINGLE (Line Drive, 9S, EV 97.5 MPH)
Ryan Perovic to third
Batting: RHB Josh Peek 0-0: Ball
1-0: Grounds into double play, 4-6-3 (Groundball, 4D, EV 83.8 MPH)
Top of the 4th over - 0 runs, 1 hit, 1 error, 1 left on base; Lake Elsinore 0 - San Jose 0
BOTTOM OF THE 4TH
San Jose Giants batting - Pitching for Lake Elsinore Storm : RHP Andy Willis
Batting: SHB Bryan Edwards 0-0: Ball
1-0: Foul Ball, location: 2F
1-1: Swinging Strike
1-2: Strikes out swinging
Batting: LHB Justin Johnson 0-0: Ball
1-0: Called Strike
1-1: Called Strike
1-2: Foul Ball, location: 2F
1-2: Ball
2-2: Strikes out swinging
Batting: RHB Jonathan Rosario 0-0: SOLO HOME RUN (Flyball, 9LD, EV 92.5 MPH), Distance : 356 ft
Batting: LHB Jeff Reed 0-0: Fly out, F8 (Flyball, 8RD, EV 90.6 MPH)
Bottom of the 4th over - 1 run, 1 hit, 0 errors, 0 left on base; Lake Elsinore 0 - San Jose 1
TOP OF THE 5TH
Lake Elsinore Storm batting - Pitching for San Jose Giants : RHP Matt Barnes
Batting: LHB Ryan Alger 0-0: Ball
1-0: Called Strike
1-1: Ground out U3 (Groundball, 34, EV 82.5 MPH)
Batting: LHB Scott Parks 0-0: Called Strike
0-1: Ball
1-1: Foul Ball, location: 3F
1-2: Ball
2-2: Ball
3-2: Strikes out swinging
Batting: RHB Rodger Kerkhof 0-0: Called Strike
0-1: Swinging Strike
0-2: Ball
1-2: Foul Ball, location: 2RF
1-2: Strikes out swinging
Top of the 5th over - 0 runs, 0 hits, 0 errors, 0 left on base; Lake Elsinore 0 - San Jose 1
BOTTOM OF THE 5TH
San Jose Giants batting - Pitching for Lake Elsinore Storm : RHP Andy Willis
Batting: RHB Jonathan Marrazzo 0-0: Called Strike
0-1: Ball
1-1: Fly out, F8 (Flyball, 8RD, EV 84.4 MPH)
Batting: RHB Campbell Ball 0-0: Called Strike
0-1: Ball
1-1: Swinging Strike
1-2: Foul Ball, location: 25FF
1-2: Strikes out swinging
Batting: RHB Chris Meyer 0-0: Ball
1-0: DOUBLE (Flyball, 78XD, EV 102.5 MPH)
Batting: RHB John Epley 0-0: Called Strike
0-1: Ball
1-1: Fly out, F8 (Line Drive, 8LD, EV 89.4 MPH)
Bottom of the 5th over - 0 runs, 1 hit, 0 errors, 1 left on base; Lake Elsinore 0 - San Jose 1
TOP OF THE 6TH
Lake Elsinore Storm batting - Pitching for San Jose Giants : RHP Matt Barnes
Batting: RHB Tony Martin 0-0: Ball
1-0: Called Strike
1-1: Swinging Strike
1-2: Fly out, F7 (Flyball, 7LM, EV 85.0 MPH)
Batting: RHB Kyle Nastasi 0-0: Ball
1-0: Foul Ball, location: 3F
1-1: Foul Ball, location: 9LSFF
1-2: Foul Ball, location: 23F
1-2: Ground out 5-3 (Groundball, 25, EV 89.4 MPH)
Batting: LHB Jim Ponce 0-0: Called Strike
0-1: Foul Ball, location: 5F
0-2: Ball
1-2: Fly out, F9 (Flyball, 9D, EV 100.6 MPH)
Top of the 6th over - 0 runs, 0 hits, 0 errors, 0 left on base; Lake Elsinore 0 - San Jose 1
BOTTOM OF THE 6TH
San Jose Giants batting - Pitching for Lake Elsinore Storm : RHP Andy Willis
Batting: RHB William Rodriguez 0-0: Ball
1-0: Ball
2-0: Called Strike
2-1: Foul Ball, location: 2F
2-2: Fly out, F8 (Flyball, 8RS, EV 95.6 MPH)
Batting: SHB Bryan Edwards 0-0: Ball
1-0: Ball
2-0: Swinging Strike
2-1: Swinging Strike
2-2: Ball
3-2: Base on Balls
Batting: LHB Justin Johnson 0-0: Called Strike
0-1: Grounds into double play, 4-6-3 (Groundball, 4, EV 98.8 MPH)
Bottom of the 6th over - 0 runs, 0 hits, 0 errors, 0 left on base; Lake Elsinore 0 - San Jose 1
TOP OF THE 7TH
Lake Elsinore Storm batting - Pitching for San Jose Giants : RHP Matt Barnes
Batting: RHB Ryan Perovic 0-0: Foul Ball, location: 5FF
0-1: Ball
1-1: Called Strike
1-2: Ground out 6-3 (Groundball, 6M, EV 82.5 MPH)
Batting: SHB Nate Clark 0-0: Called Strike
0-1: Swinging Strike
0-2: Ball
1-2: Strikes out swinging
Batting: RHB Josh Peek 0-0: Ball
1-0: Ball
2-0: Called Strike
2-1: Foul Ball, location: 3F
2-2: Ball
3-2: Foul Ball, location: 7LSF
3-2: Ground out 1-3 (Groundball, 13S, EV 77.5 MPH)
Top of the 7th over - 0 runs, 0 hits, 0 errors, 0 left on base; Lake Elsinore 0 - San Jose 1
BOTTOM OF THE 7TH
San Jose Giants batting - Pitching for Lake Elsinore Storm : RHP Andy Willis
Batting: RHB Jonathan Rosario 0-0: Ball
1-0: SINGLE (Groundball, 5S, EV 66.3 MPH) (infield hit)
Pitching: RHP Tony Gomez
Batting: LHB Jeff Reed 0-0: Ball
1-0: Foul Ball, location: 2F
1-1: Swinging Strike
1-2: Grounds into double play, 6-4-3 (Groundball, 6, EV 85.0 MPH)
Batting: RHB Jonathan Marrazzo 0-0: Called Strike
0-1: Called Strike
0-2: Strikes out looking
Bottom of the 7th over - 0 runs, 1 hit, 0 errors, 0 left on base; Lake Elsinore 0 - San Jose 1
TOP OF THE 8TH
Lake Elsinore Storm batting - Pitching for San Jose Giants : RHP Matt Barnes
Pitching: RHP Art Putman
Batting: LHB Ryan Alger 0-0: Ball
1-0: Ball
2-0: Called Strike
2-1: Swinging Strike
2-2: Ball
3-2: Base on Balls
Batting: LHB Scott Parks 0-0: Called Strike
0-1: Called Strike
0-2: Ball
1-2: Ball
2-2: Ball
3-2: Foul Ball, location: 7LSF
3-2: Fielders Choice at 2nd, 1-4 (Groundball, 15S, EV 63.8 MPH)
Batting: RHB Rodger Kerkhof 0-0: Called Strike
0-1: Ball
1-1: Ball
2-1: Ground out 5-3 (Groundball, 56S, EV 86.3 MPH)
Scott Parks to second
Batting: RHB Tony Martin 0-0: Foul Ball, location: 3SF
0-1: Foul Ball, location: 23F
0-2: Strikes out swinging
Top of the 8th over - 0 runs, 0 hits, 0 errors, 1 left on base; Lake Elsinore 0 - San Jose 1
BOTTOM OF THE 8TH
San Jose Giants batting - Pitching for Lake Elsinore Storm : RHP Tony Gomez
Batting: RHB Campbell Ball 0-0: Ball
1-0: Swinging Strike
1-1: Called Strike
1-2: Ground out U3 (Groundball, 34S, EV 85.6 MPH)
Batting: RHB Chris Meyer 0-0: Called Strike
0-1: Foul Ball, location: 2F
0-2: Ball
1-2: Strikes out looking
Batting: RHB John Epley 0-0: Ball
1-0: Fly out, F8 (Flyball, 8RXD, EV 104.4 MPH)
Bottom of the 8th over - 0 runs, 0 hits, 0 errors, 0 left on base; Lake Elsinore 0 - San Jose 1
TOP OF THE 9TH
Lake Elsinore Storm batting - Pitching for San Jose Giants : RHP Art Putman
Pitching: LHP Jose Figueroa
Now in LF: Dan Harrison
Now in RF: Jonathan Rosario
Batting: RHB Kyle Nastasi 0-0: Ball
1-0: Swinging Strike
1-1: Swinging Strike
1-2: Strikes out swinging
Pinch Hitting: RHB Miguel Otero 0-0: Called Strike
0-1: Ball
1-1: Ball
2-1: Swinging Strike
2-2: Ball
3-2: Base on Balls
Batting: RHB Ryan Perovic 0-0: Ground out 5-3 (Groundball, 6MS, EV 78.8 MPH)
Miguel Otero to second
Batting: SHB Nate Clark 0-0: Called Strike
0-1: Ball
1-1: Ball
2-1: Foul Ball, location: 2RF
2-2: SINGLE (Groundball, 56S, EV 61.9 MPH) (infield hit)
Miguel Otero to third
Batting: RHB Josh Peek 0-0: Ball
1-0: SINGLE (Flyball, 89S, EV 89.4 MPH)
Miguel Otero scores
Nate Clark to second
Runner from 2nd tries for 3rd, SAFE, throw by RF made to third
Pinch Hitting: RHB Andres Luna 0-0: Ball
1-0: Fly out, F9 (Flyball, 9, EV 89.4 MPH)
Top of the 9th over - 1 run, 2 hits, 0 errors, 2 left on base; Lake Elsinore 1 - San Jose 1
BOTTOM OF THE 9TH
San Jose Giants batting - Pitching for Lake Elsinore Storm : RHP Tony Gomez
Now in CF: Brian Pond
Now in RF: Andres Luna
Pinch Hitting: LHB Jonathan Duarte 0-0: Called Strike
0-1: Ball
1-1: Foul Ball, location: 23F
1-2: Ball
2-2: Ground out U3 (Groundball, 3L, EV 110.0 MPH)
Batting: SHB Bryan Edwards 0-0: Ball
1-0: Called Strike
1-1: Ball
2-1: Foul Ball, location: 7LMF
2-2: Foul Ball, location: 7LMF
2-2: SINGLE (Groundball, 6MD, EV 97.5 MPH)
Pinch Hitting: LHB Dennis Gilman 0-0: Called Strike
Bryan Edwards is caught stealing 2nd base 2-6
0-1: Ball
1-1: Swinging Strike
1-2: Strikes out swinging
Bottom of the 9th over - 0 runs, 1 hit, 0 errors, 0 left on base; Lake Elsinore 1 - San Jose 1
TOP OF THE 10TH
Lake Elsinore Storm batting - Pitching for San Jose Giants : LHP Jose Figueroa
Now in LF: Dennis Gilman
Now in CF: Jonathan Rosario
Now in RF: Jonathan Duarte
Batting: LHB Scott Parks 0-0: Ball
1-0: Ball
2-0: Ground out 4-3 (Groundball, 34, EV 91.3 MPH)
Batting: RHB Rodger Kerkhof 0-0: Foul Ball, location: 2F
0-1: Ball
1-1: Ball
2-1: Foul Ball, location: 5FF
2-2: Ball
3-2: Foul Ball, location: 2F
3-2: Foul Ball, location: 9LSF
3-2: Hit by Pitch
Batting: RHB Tony Martin 0-0: Called Strike
0-1: Ball
Rodger Kerkhof steals 2nd base
1-1: Intentional Walk
Pinch Hitting: RHB Mike Patton 0-0: SINGLE (Groundball, 6MD, EV 95.0 MPH)
Rodger Kerkhof to third
Tony Martin to second
Runner from 3rd tries for Home, throw by CF and OUT! 8-2
Batting: LHB Brian Pond 0-0: Ground out 4-3 (Groundball, 4, EV 98.1 MPH)
Top of the 10th over - 0 runs, 1 hit, 0 errors, 2 left on base; Lake Elsinore 1 - San Jose 1
BOTTOM OF THE 10TH
San Jose Giants batting - Pitching for Lake Elsinore Storm : RHP Tony Gomez
Now at 3B: Mike Patton
Now at SS: Rodger Kerkhof
Batting: RHB Jonathan Rosario 0-0: Ball
1-0: Called Strike
1-1: Ball
2-1: SOLO HOME RUN (Flyball, 78XD, EV 100.0 MPH), Distance : 398 ft
Bottom of the 10th over - 1 run, 1 hit, 0 errors, 0 left on base; Lake Elsinore 1 - San Jose 2
Sunday, May 12th , 2024 - OOTP Baseball 24.11 Build 85